 Dungeon Crawl Stone Soup version 0.26.1-11-gd32895ea62 (webtiles) character file.

Game seed: 11223868364943116973

31385 Zeld the Cleaver (level 13, 0/109 HPs)
             Began as a Minotaur Berserker on May 24, 2021.
             Was an Elder of Trog.
             Slain by an ettin
             ... wielding a +0 dire flail
              (34 damage)
             ... on level 15 of the Dungeon.
             The game lasted 00:26:42 (24406 turns).

Zeld the Cleaver (Minotaur Berserker)              Turns: 24406, Time: 00:26:43

Health: 0/109      AC: 18    Str: 27    XL:     13   Next: 25%
Magic:  10/10      EV:  7    Int:  0    God:    Trog [****..]
Gold:   48         SH: 17    Dex: 10    Spells: 12/12 levels left

rFire    . . .     SeeInvis .   L - +2 hand axe (vamp)
rCold    . . .     Faith    .   J - +0 tower shield
rNeg     . . .     Spirit   .   F - +0 plate armour {rPois}
rPois    +         Reflect  +   (helmet restricted)
rElec    .         Harm     .   p - +2 cloak {Will+}
rCorr    .         Rampage  .   y - +2 pair of gloves
Will     +....     Rnd*Rage +   I - +0 pair of boots
Stlth    ..........             b - amulet of reflection
HPRegen  0.28/turn              D - -4 ring of intelligence (curse)
MPRegen  0.12/turn              (no ring)

@: slowed, lost intelligence, very slow
A: retaliatory headbutt, horns 2, berserk 1, frail 1, low mp 1
a: Renounce Religion, Berserk, Trog's Hand, Brothers in Arms


You were on level 15 of the Dungeon.
You worshipped Trog.
Trog was greatly pleased with you.
You visited 2 branches of the dungeon, and saw 16 of its levels.

You collected 880 gold pieces.
You spent 832 gold pieces at shops.

Inventory:

Hand Weapons
 a - a +0 hand axe
 L - a +2 vampiric hand axe (weapon)
Armour
 p - a +2 cloak of willpower (worn)
 y - a +2 pair of gloves (worn)
 F - a +0 plate armour of poison resistance (worn)
 I - a +0 pair of boots (worn)
 J - a +0 tower shield (worn)
Jewellery
 b - an amulet of reflection (around neck)
 D - a cursed -4 ring of intelligence (left hand)
Wands
 c - a wand of iceblast (1)
 q - a wand of digging (2)
 E - a wand of enslavement (8)
 G - a wand of flame (10)
 K - a wand of acid (6)
Scrolls
 d - 9 scrolls of teleportation
 f - 5 scrolls of remove curse
 g - 5 scrolls of enchant armour
 k - 2 scrolls of fear
 m - a scroll of blinking
 t - 3 scrolls of enchant weapon
 w - 4 scrolls of identify
 x - a scroll of torment {unknown}
 A - a scroll of vulnerability {unknown}
 B - 4 scrolls of magic mapping
Potions
 e - 6 potions of mutation {unknown}
 h - 2 potions of cancellation {unknown}
 i - 4 potions of haste
 j - 4 potions of heal wounds {unknown}
 l - a potion of ambrosia
 n - 2 potions of flight {unknown}
 o - 2 potions of resistance {unknown}
 s - 4 potions of attraction {unknown}
 u - 2 potions of brilliance {unknown}
 v - 6 potions of degeneration {unknown}
 z - 6 potions of curing
 C - a potion of berserk rage {unknown}
 H - 5 potions of might
Miscellaneous
 r - a tin of tremorstones (2/2)
 M - a condenser vane (inert)


   Skills:
 * Level 13.6 Fighting
 - Level 14.0 Axes
 - Level 2.4 Armour
 * Level 12.4 Dodging
 * Level 10.4 Evocations


You had 12 spell levels left.
You didn't know any spells.
Your spell library was empty.

Dungeon Overview and Level Annotations

Branches:
Dungeon (15/15)            Temple (1/1) D:7            Lair (0/6) D:9
    Orc (0/2) D:10         Vaults (0/5) D:13
 Depths: D:15

Altars:
Ashenzari
Cheibriados
Dithmenos
Elyvilon
Fedhas
Gozag
Hepliaklqana
Kikubaaqudgha
Makhleb
Nemelex Xobeh
Okawaru
Qazlal
Ru
Sif Muna
Trog
Uskayaw
Vehumet
Wu Jian
Xom
Yredelemnul
Zin
The Shining One

Shops:
D:13 :!!*


Innate Abilities, Weirdness & Mutations

You reflexively headbutt those who attack you in melee.
You have a pair of horns on your head.
You tend to lose your temper in combat.
You are frail. (-10% HP)
Your magical capacity is low. (-10% MP)


Message History

* * * LOW HITPOINT WARNING * * *
You climb upwards.
There is a stone staircase leading down here.
You start resting.
You recover from your berserk rage.
You start resting.
You start resting.
You start resting.
You start resting.
HP restored.
You climb downwards.
The ettin hits you with a +0 dire flail!!
The ettin hits you with a +0 great mace!
You block the ettin's attack.
The ettin hits you with a +0 great mace!
The frost giant gestures at you while chanting.
The bolt of cold hits you!!
There is a stone staircase leading up, spattered with blood here.
The ettin hits you with a +0 dire flail!!
You die...

##. .... # #...# ....
. .#...## ##..... ..
).#<.###.#..... ...
#..##........#
....####............#
......#........#....#
.......C............#
.......@...C......#..
......)......#....#
.............#....#
..................#
..................#
........(..........#
...................#
..................


You could see a frost giant and an ettin.

Vanquished Creatures
  A sphinx (D:10)
  Nessos (D:12)
  Josephine (D:9)
  A hydra (D:14)
  2 boulder beetles
  5 two-headed ogres
  The ghost of LordOGeese the Cleaver, a journeyman GrBe of Trog (D:11)
  Sonja (D:13)
  2 unseen horrors
  A fire crab (shapeshifter) (D:14)
  An orc knight (D:10)
  A wolf spider zombie (D:14)
  A shining eye (shapeshifter) (D:14)
  2 deep elf magi
  2 manticores
  2 cyclopes (D:11)
  A moth of wrath (D:2)
  A salamander (shapeshifter) (D:14)
  2 slime creatures (D:12)
  A wolf spider (D:10)
  An ice statue (D:10)
  3 centaur zombies
  Psyche (D:9)
  Maggie (D:6)
  A gargoyle (D:11)
  2 komodo dragons
  A troll (D:9)
  A hornet (D:12)
  Sigmund (D:3)
  4 shadows
  Eustachio (D:6)
  3 wyverns
  5 yaks (D:11)
  4 wraiths
  A human (D:10)
  A golden eye (shapeshifter) (D:14)
  6 vampire mosquitoes
  Edmund (D:6)
  A warg (D:10)
  2 water moccasins (D:13)
  A black bear (D:7)
  4 sky beasts
  A hornet zombie (D:6)
  5 orc warriors
  3 ice beasts
  A phantom (D:12)
  10 ogres
  A lemure (D:9)
  3 centaurs
  4 big kobolds
  Blork the orc (D:5)
  8 bullfrogs
  4 scorpions
  4 killer bees (D:13)
  9 wights
  2 howler monkeys
  A quasit (D:8)
  A bullfrog zombie (D:7)
  A gnoll shaman (D:4)
  4 hounds
  Crazy Yiuf (D:3)
  5 centaur skeletons
  6 orc priests
  5 jellies
  10 orc wizards
  4 bullfrog skeletons
  Natasha (thrice) (D:3)
  An iguana (D:5)
  6 worker ants
  A killer bee zombie (D:6)
  2 hound skeletons
  Robin (D:3)
  7 gnolls
  3 worker ant zombies
  6 adders
  A shadow imp (D:5)
  2 white imps
  3 ufetubi
  An ooze (D:6)
  2 adder skeletons (D:6)
  4 leopard geckos
  45 orcs
  2 ball pythons
  14 bats
  7 giant cockroaches
  14 goblins
  5 hobgoblins
  11 jackals
  3 quokkas
  3 frilled lizards
  A jackal zombie (D:8)
  22 kobolds
  A quokka skeleton (D:8)
  14 rats
355 creatures vanquished.

Vanquished Creatures (collateral kills)
  An ironheart preserver (D:13)
  A hydra (D:13)
  A skeletal warrior (D:10)
  Pikel (D:9)
  A manticore (D:13)
  An ogre (D:13)
  A lemure (D:9)
  A bullfrog (D:13)
8 creatures vanquished.

Vanquished Creatures (others)
  A kobold (D:12)
  10 bushes (D:14)
  33 plants
  7 withered plants (D:3)
51 creatures vanquished.

Grand Total: 414 creatures vanquished

Notes
Turn   | Place    | Note
-------+----------+-------------------------------------------
     0 | D:1      | Zeld the Minotaur Berserker began the quest for the Orb.
     0 | D:1      | Reached XP level 1. HP: 19/19 MP: 0/0
   162 | D:1      | Reached skill level 4 in Axes
   260 | D:1      | Reached XP level 2. HP: 21/26 MP: 1/1
   819 | D:1      | Reached skill level 5 in Axes
  1297 | D:2      | Reached XP level 3. HP: 28/31 MP: 2/2
  1318 | D:2      | Reached ** piety under Trog
  1898 | D:2      | Noticed a moth of wrath
  1901 | D:2      | Found a bloodstained altar of Trog.
  2120 | D:3      | Noticed Sigmund
  2129 | D:3      | Killed Sigmund
  2130 | D:3      | Reached skill level 7 in Axes
  2130 | D:3      | Reached XP level 4. HP: 39/39 MP: 0/3
  2130 | D:3      | Reached XP level 5. HP: 45/45 MP: 0/4
  2218 | D:3      | Found an ancient bone altar of Kikubaaqudgha.
  2338 | D:3      | Reached skill level 8 in Axes
  2434 | D:3      | Reached XP level 6. HP: 48/51 MP: 5/5
  2462 | D:3      | Noticed Natasha
  2477 | D:3      | Killed Natasha
  2681 | D:3      | Noticed Natasha
  2686 | D:3      | Killed Natasha
  2721 | D:3      | Noticed Natasha
  2725 | D:3      | Killed Natasha
  2758 | D:3      | Reached *** piety under Trog
  2912 | D:3      | Found a runed translucent door.
  2913 | D:3      | Noticed Crazy Yiuf
  2998 | D:3      | Noticed Robin
  3004 | D:3      | Killed Robin
  3005 | D:3      | Reached skill level 9 in Axes
  3318 | D:3      | Killed Crazy Yiuf
  3558 | D:4      | Found a broken altar of Ashenzari.
  3688 | D:4      | Reached XP level 7. HP: 57/57 MP: 6/6
  3990 | D:4      | Reached skill level 10 in Axes
  4271 | D:4      | Reached **** piety under Trog
  4488 | D:5      | Entered Level 5 of the Dungeon
  4508 | D:5      | Reached skill level 11 in Axes
  4712 | D:2      | Killed a moth of wrath
  4713 | D:2      | Reached skill level 12 in Axes
  4713 | D:2      | Reached XP level 8. HP: 9/64 MP: 7/7
  5102 | D:5      | Found a glowing golden altar of the Shining One.
  5644 | D:5      | Found a shimmering blue altar of Sif Muna.
  5945 | D:5      | Noticed Blork the orc
  5954 | D:5      | Killed Blork the orc
  5955 | D:5      | Reached skill level 13 in Axes
  6204 | D:5      | Found an opulent altar of Gozag.
  6265 | D:6      | Noticed Maggie
  6927 | D:6      | Killed Maggie
  7069 | D:6      | Noticed Eustachio
  7080 | D:6      | Reached XP level 9. HP: 70/70 MP: 8/8
  7360 | D:6      | Reached skill level 14 in Axes
  7364 | D:6      | Killed Eustachio
  7365 | D:6      | Reached skill level 1 in Evocations
  7810 | D:6      | Noticed Edmund
  7819 | D:6      | Killed Edmund
  8616 | D:7      | Reached skill level 5 in Fighting
  8658 | D:7      | Got a translucent plate armour
  8664 | D:7      | Identified the cursed +0 plate armour "Sit Zoiq" {rN+
                  | rCorr} (You found it on level 7 of the Dungeon)
  9269 | D:7      | Found a staircase to the Ecumenical Temple.
  9364 | Temple   | Entered the Ecumenical Temple
  9951 | D:8      | Noticed a two-headed ogre
 10079 | D:8      | Reached skill level 5 in Dodging
 10149 | D:8      | Reached XP level 10. HP: 74/84 MP: 9/9
 10217 | D:8      | Found a shimmering altar of Xom.
 10459 | D:8      | Killed a two-headed ogre
 11198 | D:9      | Noticed Pikel
 11207 | D:9      | Reached skill level 5 in Evocations
 11208 | D:9      | Killed Pikel
 11305 | D:9      | Found a stormy altar of Qazlal.
 11305 | D:9      | Found a white marble altar of Elyvilon.
 11638 | D:9      | Noticed Psyche
 11654 | D:9      | Killed Psyche
 12053 | D:9      | Found a staircase to the Lair.
 12237 | D:10     | Entered Level 10 of the Dungeon
 12237 | D:10     | Noticed Josephine
 12244 | D:9      | Killed Josephine
 12244 | D:9      | Reached ***** piety under Trog
 12247 | D:9      | Reached XP level 11. HP: 97/97 MP: 10/10
 12779 | D:10     | Found a staircase to the Orcish Mines.
 12787 | D:10     | Noticed a two-headed ogre
 12796 | D:10     | Killed a two-headed ogre
 13385 | D:10     | Found a runed translucent door.
 13385 | D:10     | Noticed an orc knight
 13395 | D:10     | Killed an orc knight
 13396 | D:10     | Noticed a deep elf mage
 13540 | D:10     | Killed a deep elf mage
 13541 | D:10     | Reached skill level 10 in Fighting
 13756 | D:10     | Killed an unseen horror
 13808 | D:10     | Noticed a sphinx
 13818 | D:10     | Killed a sphinx
 13819 | D:10     | Noticed a wolf spider
 13821 | D:10     | Killed a wolf spider
 13925 | D:10     | Identified the ring "Vigubex" {rN+++ Int-2 Dex+6}
 13925 | D:10     | Noticed a skeletal warrior
 13930 | D:10     | Killed a skeletal warrior
 15539 | D:11     | Reached skill level 10 in Dodging
 15814 | D:11     | Noticed a two-headed ogre
 15825 | D:11     | Killed a two-headed ogre
 15826 | D:11     | Reached XP level 12. HP: 110/110 MP: 11/11
 16575 | D:11     | Found a runed translucent door.
 16575 | D:11     | Noticed LordOGeese's ghost (journeyman GrBe)
 16818 | D:11     | Killed LordOGeese's ghost
 17443 | D:12     | Noticed Nessos
 17454 | D:12     | Killed Nessos
 17671 | D:12     | Noticed a two-headed ogre
 17679 | D:12     | Killed a two-headed ogre
 18306 | D:13     | Found Vilicre's Book Shop.
 18306 | D:13     | Noticed a four-headed hydra
 18846 | D:13     | Killed a four-headed hydra
 18883 | D:13     | Lost intelligence.
 19278 | D:13     | Found Lulus's Distillery.
 19282 | D:13     | Found Mojoif's General Store.
 19285 | D:13     | Bought a potion of haste for 180 gold pieces
 19285 | D:13     | Bought a potion of might for 72 gold pieces
 19285 | D:13     | Bought a potion of curing for 54 gold pieces
 19285 | D:13     | Bought a potion of curing for 54 gold pieces
 19285 | D:13     | Bought a potion of might for 72 gold pieces
 19287 | D:13     | Bought a scroll of identify for 26 gold pieces
 19287 | D:13     | Bought a scroll of identify for 26 gold pieces
 19287 | D:13     | Bought a scroll of enchant armour for 97 gold pieces
 19287 | D:13     | Bought a scroll of identify for 26 gold pieces
 19317 | D:13     | Noticed a boulder beetle
 19319 | D:13     | Noticed a two-headed ogre
 19319 | D:13     | Noticed an ironheart preserver
 19320 | D:13     | Found a gate to the Vaults.
 19335 | D:13     | Killed a two-headed ogre
 19665 | D:13     | Noticed Sonja
 19672 | D:13     | Killed an ironheart preserver
 20651 | D:13     | Killed Sonja
 20827 | D:13     | Killed a boulder beetle
 20828 | D:13     | Reached skill level 10 in Evocations
 21255 | D:13     | Found Leyrph's Distillery.
 21258 | D:13     | Bought a potion of ambrosia for 120 gold pieces
 21258 | D:13     | Bought a potion of curing for 45 gold pieces
 21258 | D:13     | Bought a potion of might for 60 gold pieces
 21437 | D:14     | Gained mutation: You are frail. (-10% HP) [a shining eye]
 21446 | D:14     | Gained mutation: Your magical capacity is low. (-10% MP) [a
                  | shining eye]
 21447 | D:14     | Gained mutation: You tend to lose your temper in combat. [a
                  | shining eye]
 21452 | D:14     | Reached XP level 13. HP: 78/82 MP: 10/10
 22872 | D:15     | Entered Level 15 of the Dungeon
 24149 | D:15     | Noticed a frost giant
 24153 | D:15     | Noticed an ettin
 24406 | D:15     | Slain by an ettin

Illustrated notes

Levels and vault maps discovered:
D:1:      lemuel_arrival_tunnels, layout_loops_ring
D:2:      layout_rooms, tgw_trog, minmay_strange_pillars, st_stairs_1,
          minmay_split_cup_small
D:3:      layout_loops_ring, kiku_gazebo_garden_becter, uniq_crazy_yiuf_cottage,
          uniq_robin, uniq_sigmund, uniq_natasha
D:4:      layout_loops_cross, serial_bayou_pond_a, nicolae_ashenzari_panopticon
D:5:      layout_loops_ring, kennysheep_mini_moat, grunt_gozag_statues, tgw_sif,
          uniq_blork_the_orc
D:6:      layout_basic, minmay_misc_feat_pillars, uniq_edmund, uniq_maggie,
          uniq_eustachio
D:7:      layout_rooms, minmay_temple_entry_wispy, minmay_misc_feat_rugged,
          chequers_arboretum
D:8:      layout_rooms, lemuel_crystal_altar
D:9:      layout_loops_cross, nicolae_overflow_hidden_temple,
          david_lair_shrubbed, uniq_psyche, uniq_pikel
D:10:     layout_irregular_city, erik_orc_4, minivault_13, uniq_josephine
D:11:     layout_roguey, gammafunk_ghost_grave, item_on_display_a
D:12:     layout_cave_pods, drop_trap, uniq_nessos
D:13:     layout_loops_cross, skrybe_vaults_entry_preservation, serial_shops,
          shop, nicolae_shop_behind_doors, shop, shop, uniq_sonja
D:14:     layout_roguey, minmay_hedge_maze
D:15:     gammafunk_enter_depths_forms, layout_cave_pools, minmay_crystal_water,
          serial_shops, shop, minivault_16, minmay_radiant
Temple:   regret_index_temple_generic_petals

Skill      XL: |  1  2  3  4  5  6  7  8  9 10 11 12 13 |
---------------+----------------------------------------+-----
Axes           | 4 5 7 8 9 12 13 14 | 14.0
Fighting       | 6 9 11 13 | 13.6
Evocations     | 4 6 8 10 | 10.4
Dodging        | 5 8 10 11 12 | 12.4
Armour         | |  2.4

Action                   |  1- 3 |  4- 6 |  7- 9 | 10-12 | 13-15 || total
-------------------------+-------+-------+-------+-------+-------++-------
Melee: Hand axe          |    69 |    97 |   302 |   561 |   118 ||  1147
       Headbutt          |     3 |    15 |    62 |   134 |    35 ||   249
       Unarmed           |       |       |    10 |       |       ||    10
Invok: Berserk           |     1 |     3 |    13 |    34 |     4 ||    55
       Trog's Hand       |       |       |     2 |       |       ||     2
       Brothers in Arms  |       |       |     1 |     5 |     2 ||     8
Evoke: Wand              |       |       |     1 |     7 |     4 ||    12
       Tin of tremorston |       |       |       |     2 |       ||     2
       Condenser vane    |       |       |       |       |     1 ||     1
  Use: Scroll            |       |       |    10 |     6 |     1 ||    17
       Potion            |       |       |       |     2 |     1 ||     3
 Stab: Sleeping          |     2 |       |     1 |       |       ||     3
Armor: Skin              |       |     8 |    26 |       |       ||    34
       Plate armour      |       |       |    32 |   232 |    91 ||   355
Dodge: Dodged            |    59 |    66 |   142 |   181 |    32 ||   480
Block: Other             |       |       |       |    57 |       ||    57
       Reflection        |       |       |       |     4 |     2 ||     6
       Tower shield      |       |       |       |       |   139 ||   139
